 Dungeon Crawl Stone Soup version 0.28.0 (webtiles) character file.

Game seed: 12227285648520545723

174 bande the Covered (level 5, -5/33 HPs)
             Began as a Gargoyle Fighter on Feb 8, 2022.
             Slain by a gnoll (7 damage)
             ... on level 5 of the Dungeon on Feb 9, 2022.
             The game lasted 00:05:28 (3318 turns).

bande the Covered (Gargoyle Fighter)                Turns: 3318, Time: 00:05:28

Health: -5/33      AC: 13    Str: 20    XL:     5   Next: 54%
Magic:  5/5        EV:  9    Int: 10    God:
Gold:   148        SH:  4    Dex: 11    Spells: 4/4 levels left

rFire   . . .      SeeInvis .   a - +0 war axe
rCold   . . .      Faith    .   c - +0 buckler
rNeg    + . .      Spirit   .   b - +0 scale mail
rPois   ∞          Reflect  .   (no helmet)
rElec   +          Harm     .   m - scarf {repulsion}
rCorr   .          Rampage  .   (no gloves)
Will    .....                   i - +1 pair of boots
Stlth   ..........              (no amulet)
HPRegen 0.11/turn               h - ring of flight
MPRegen 0.09/turn               (no ring)

@: mighty, flying, repel missiles
A: sickness immunity, AC +4, negative energy resistance 1, electricity
resistance, torment resistance 1, petrification resistance, clever 1
a: no special abilities


You were on level 5 of the Dungeon.
You visited 1 branch of the dungeon, and saw 4 of its levels.

You collected 148 gold pieces.

Inventory:

Hand Weapons
 a - a +0 war axe (weapon)
Missiles
 g - a throwing net (quivered)
Armour
 b - a +0 scale mail (worn)
 c - a +0 buckler (worn)
 i - a +1 pair of boots (worn)
 m - a scarf of repulsion (worn)
Jewellery
 h - a ring of flight (left hand)
Scrolls
 f - 4 scrolls of identify
 j - a scroll of teleportation
 l - a scroll of fear {unknown}
Potions
 e - 2 potions of brilliance


   Skills:
 + Level 3.9 Fighting
 + Level 3.6 Axes
 + Level 4.4 Armour
 + Level 3.8 Shields


You had 4 spell levels left.
You didn't know any spells.
Your spell library was empty.

Dungeon Overview and Level Annotations

Branches:
Dungeon (3/15)

Altars:

Annotations:
D:3 3 runed translucent doors, AlmostDecent's ghost, amateur GrFi


Innate Abilities, Weirdness & Mutations

You are immune to sickness and miasma.
Your stone body is resilient. (AC +4)
You are immune to poison.
You resist negative energy. (rN+)
You are resistant to electric shocks. (rElec)
You are resistant to unholy torment.
You are immune to petrification.
Your mind is acute. (Int +2)


Message History

The gnoll hits you from afar with a +1 vorpal spear.
You feel very mighty all of a sudden. The gnoll shaman barely misses you.
The gnoll hits you from afar with a +1 vorpal spear.
You hit the gnoll shaman.
The gnoll shaman is moderately wounded.
You barely miss the gnoll. The gnoll hits you with a +0 flail.
The gnoll hits you but does no damage.
A scorpion comes into view.
You block the gnoll's attack.
The gnoll shaman hits you with a +0 whip!
The gnoll hits you with a +0 flail.
You closely miss the gnoll. x2; You slash the gnoll shaman!
A bullfrog skeleton comes into view.
The gnoll hits you from afar with a +0 spear.
* * * LOW HITPOINT WARNING * * *
The gnoll barely misses you.
The gnoll shaman prays to its god.
The gnoll shaman is healed somewhat.
The gnoll hits you but does no damage. x2
Unknown command.
The gnoll hits you but does no damage.
The gnoll shaman hits you but does no damage.
The gnoll closely misses you. The gnoll hits you but does no damage.
The gnoll closely misses you.
You slash the gnoll!
You kill the gnoll!
You slash the gnoll! You hit the gnoll. You hit the gnoll shaman.
You slash the gnoll! The gnoll closely misses you.
The gnoll shaman hits you with a +0 whip.
* * * LOW HITPOINT WARNING * * *
The gnoll hits you with a +0 flail.
* * * LOW HITPOINT WARNING * * *
The gnoll hits you but does no damage.
The gnoll shaman prays to its god.
The gnoll shaman is healed somewhat.
The gnoll closely misses you.
Unknown command.
It was a potion of mutation.
You feel extremely strange.
You feel clever. The gnoll hits you with a +0 flail!
You die...

... ##.... ...
#....## . #..
##..?..##..
#..####........!.
#..#............
#......!.......
...#..sgg.....#
....Z.)@......#
......g.g..........
.....##............
.... #...........#
... #............#
#. #.##.........# #
..? ..........#
.####....>....#


You could see a gnoll shaman, a scorpion, 3 gnolls and a bullfrog skeleton.

Vanquished Creatures
  An orc priest (D:3)
  An orc wizard (D:3)
  A gnoll (D:5)
  4 adders (D:2)
  3 worms
  2 dart slugs
  5 orcs
  An endoplasm (D:1)
  5 giant cockroaches (D:2)
  5 goblins
  7 hobgoblins
  3 kobolds
  4 quokkas
  4 ball pythons
  A bat (D:2)
  A frilled lizard (D:2)
  11 rats
59 creatures vanquished.

Notes
Turn   | Place    | Note
-------+----------+-------------------------------------------
     0 | D:1      | bande the Gargoyle Fighter began the quest for the Orb.
     0 | D:1      | Reached XP level 1. HP: 14/14 MP: 1/1
   415 | D:1      | Reached XP level 2. HP: 19/19 MP: 2/2
  1234 | D:2      | Reached XP level 3. HP: 21/23 MP: 3/3
  1271 | D:2      | Found a faded altar of an unknown god.
  1520 | D:2      | Reached XP level 4. HP: 29/29 MP: 4/4
  2009 | D:2      | Reached skill level 4 in Armour
  2645 | D:3      | Reached XP level 5. HP: 29/33 MP: 5/5
  3090 | D:3      | Found a runed translucent gate.
  3158 | D:3      | Noticed AlmostDecent's ghost (amateur GrFi)
  3160 | D:3      | Found a runed translucent gate.
  3161 | D:3      | Found a runed translucent gate.
  3162 | D:3      | Identified the +2 chain mail of Indomitability {rElec}
  3309 | D:3      | You are sucked into a shaft and drop 2 floors!
  3309 | D:5      | Entered Level 5 of the Dungeon
  3318 | D:5      | Gained mutation: Your mind is acute. (Int +2) [potion of
                  | mutation]
  3318 | D:5      | Slain by a gnoll

Illustrated notes

Levels and vault maps discovered:
D:1:      psy_arrival_dodecagon, layout_basic
D:2:      layout_basic, shapermc_ecumenical_altar_mp_vishouse,
          minmay_worlds_worst_comb
D:3:      layout_loops_ring, biasface_ghost_orc_armoury
D:5:      layout_cave_pools, serial_shops, kennysheep_mini,
          cheibrodos_sewer_entry_sluice, hangedman_abyss_or_decor_stagger

Skill      XL: |  1  2  3  4 |
---------------+-------------+-----
Axes           | 2 3 |  3.6
Armour         | 4 |  4.4
Fighting       | |  3.9
Shields        | |  3.8

Action                   |  1- 3 |  4- 6 || total
-------------------------+-------+-------++-------
Melee: War axe           |    99 |    97 ||   196
  Use: Scroll            |     3 |     2 ||     5
       Potion            |       |     2 ||     2
Armor: Scale mail        |    43 |    61 ||   104
Dodge: Dodged            |    50 |    53 ||   103
Block: Buckler           |    26 |    18 ||    44
